[Event "Live Chess"]
[Site "Chess.com"]
[Date "2023.05.20"]
[Round "-"]
[White "seabuck"]
[Black "LodeshChess"]
[Result "1-0"]
[WhiteElo "1825"]
[BlackElo "879"]
[TimeControl "300"]
[EndTime "9:46:27 PDT"]
[Termination "seabuck won on time"]

1. d4 Nf6 2. c4 e6 3. Nc3 Bb4 4. Qc2 d5 5. e3 O-O 6. Nf3 b6 7. a3 Bd6 8. b4 Bb7 9. c5 bxc5 10. bxc5 Be7 11. Bd3 Ba6 12. O-O c6 13.
Rb1 Bxd3 14. Qxd3 Nbd7 15. Bd2 a6 16. Na4 Rb8 17. h3 Qc7 18. Rfc1 Ne4 19. Be1 a5 20.
Nc3 Nxc3 21. Qxc3 Nf6 22. Qxa5 Qxa5 23. Bxa5 Ra8 24. Bb4 Ne4 25. Ne5 Ra6 26. f3 Ng3 27.
Rc2 Nf5 28. Rb3 Rfa8 29. g4 Nh4 30. Kf2 Bd8 31. Ra2 Rb8 32. Rbb2 Ng6 33. Nxg6 hxg6 34. e4 Ba5 35. Bxa5 Rxb2+ 36. Rxb2 Rxa5 37. Rb3 Kf8 38. Ke3 Ke7 39. exd5 cxd5 40. Kd3 Kd7 41. Kc3 Kc6 42.
Rb6+ Kd7 43. Kb4 Ra8 44. Rb7+ Ke8 45. a4 Kd8 46. a5 Kc8 47. c6 Rb8 48. a6 1-0

[Event "Live Chess"]
[Site "Chess.com"]
[Date "2023.05.20"]
[Round "-"]
[White "SimpleHarmonic1"]
[Black "hello505050"]
[Result "1-0"]
[WhiteElo "2076"]
[BlackElo "1075"]
[TimeControl "300"]
[EndTime "9:46:29 PDT"]
[Termination "SimpleHarmonic1 won by checkmate"]

1. e4 e5 2. Nf3 Nc6 3. d4 exd4 4.
Nxd4 Nxd4 5. Qxd4 b6 6. Bc4 Qf6 7. e5 Qf5 8. Nc3 Bc5 9. Qd2 f6 10. O-O d6 11. Bd5 dxe5 12. Bxa8 Qh5 13. Bc6+ Kf7 14.
Qd5+ Be6 15. Be8+ Kxe8 16. Qxe6+ Kd8 17. Be3 Bd6 18. Rad1 Ne7 19. Nb5 Ke8 20. Rxd6 cxd6 21. Nxd6+ Kd8 22. g4 Qh3 23. Rd1 h5 24. Nf7+ Ke8 25.
Rd8# 1-0

[Event "Live Chess"]
[Site "Chess.com"]
[Date "2023.05.20"]
[Round "-"]
[White "amazinggoalkeeper"]
[Black "xx_blindpuffin_xx"]
[Result "0-1"]
[WhiteElo "499"]
[BlackElo "2188"]
[TimeControl "300"]
[EndTime "9:46:32 PDT"]
[Termination "xx_blindpuffin_xx won by checkmate"]

1. e4 d6 2. d4 Nd7 3. Nf3 c5 4. d5 Ngf6 5. Bd3 g6 6. O-O Bg7 7. Be3 O-O 8. Nc3 a6 9. h3 b5 10. b3 Qc7 11. Ne2 c4 12. bxc4 bxc4 13. Bxc4 Qxc4 14.
Qd3 Qa4 15. Bd4 a5 16. Ng5 Ba6 17. Qe3 Bxe2 18. Qxe2 Qxd4 19. Qd3 Qxd3 20. cxd3 Nc5 21. d4 Ncxe4 22. Nxe4 Nxe4 23. Rfe1 Bxd4 24. Rxe4 Bxa1 25. Rxe7 Rfc8 26. Rd7 Be5 27. g3 Rc2 28. f4 Rb8 29.
fxe5 Rb1# 0-1

[Event "Live Chess"]
[Site "Chess.com"]
[Date "2023.05.20"]
[Round "-"]
[White "PaulHumphreys"]
[Black "MaximKris"]
[Result "0-1"]
[WhiteElo "1366"]
[BlackElo "1822"]
[TimeControl "300"]
[EndTime "9:46:38 PDT"]
[Termination "MaximKris won by resignation"]

1. d4 d5 2. Nc3 Nf6 3. Bf4 Bf5 4. e3 e6 5. Nf3 Bd6 6. Ne5 Nbd7 7.
g4 Bxe5 8. dxe5 Nxg4 9. h3 Ngxe5 10. Qd4 c5 11. Qa4 O-O 12. Bb5 a6 13. Bxd7 Nxd7 14. Rg1 b5 15. Qb3 b4 16. Ne2 a5 17. c3 c4 18. Qd1 Nc5 19. Bh6 Nd3+ 20. Kf1 Bxh3+ 0-1

[Event "Live Chess"]
[Site "Chess.com"]
[Date "2023.05.20"]
[Round "-"]
[White "SaraTang"]
[Black "chrisbradgate"]
[Result "0-1"]
[WhiteElo "164"]
[BlackElo "845"]
[TimeControl "300"]
[EndTime "9:46:39 PDT"]
[Termination "chrisbradgate won by checkmate"]

1. e4 e5 2. Bc4 h6 3. Qf3 f6 4.
Qf5 d5 5. exd5 Bxf5 6. d6 Qxd6 7. Bxg8 Rxg8 8. Nf3 Bxc2 9. Nxe5 Qxe5+ 10. Kf1 Bd3+ 11. Kg1 Qe1# 0-1

[Event "Live Chess"]
[Site "Chess.com"]
[Date "2023.05.20"]
[Round "-"]
[White "martynstanley"]
[Black "yeetpizza74"]
[Result "1-0"]
[WhiteElo "991"]
[BlackElo "449"]
[TimeControl "300"]
[EndTime "9:46:40 PDT"]
[Termination "martynstanley won by checkmate"]

1. d4 e5 2. dxe5 Nc6 3. f4 f6 4.
exf6 Qxf6 5. e3 d5 6. Bd3 Bf5 7.
Nf3 Bg4 8. O-O O-O-O 9. h3 Bxf3 10. Qxf3 Qd6 11. Nd2 d4 12. Ne4 Qd7 13. exd4 Nxd4 14. Qe3 Nxc2 15. Bxc2 Nf6 16. Rd1 Re8 17. Rxd7 Kxd7 18.
Qd3+ Bd6 19. Ba4+ Ke6 20. Bxe8 Rxe8 21. Qc4+ Nd5 22. Nc3 Bb4 23. Qxd5+ Kf6 24. Qd4+ Kf7 25. Qxb4 h6 26. Qc4+ Kf8 27. Ne4 c6 28. b3 b5 29. Ba3+ Re7 30. Bxe7+ Kxe7 31. Qxc6 Kf7 32.
Qd7+ Kg6 33. Qxa7 b4 34. Rc1 Kf5 35. Ng3+ Kxf4 36. Kh2 g5 37. Rc4+ Ke5 38. Qc5+ Kf6 39. Qd4+ Kg6 40. Rc5 Kf7 41. Qd6 Ke8 42. Rc7 h5 43.
Qd8+ Kxd8 44. Rh7 h4 45. Nf5 Ke8 46. Rh5 Kf8 47. Rxg5 Kf7 48. Nxh4 Kf6 49. Rb5 Ke6 50. Kg3 Kd6 51. Rxb4 Kc5 52. Re4 Kd5 53. Rf4 Ke5 54.
a4 Kd5 55. Rf1 Kc5 56. Rb1 Kb4 57. a5 Kxa5 58. b4+ Kb5 59. Kf4 Kc6 60. g4 Kd6 61. g5 Ke6 62. g6 Kf6 63. b5 Kg7 64.
b6 Kh6 65. b7 Kh5 66. Kg3 Kg5 67.
b8=Q Kh5 68. Qb5+ Kh6 69. Qb3 Kg5 70. Ra1 Kh5 71. Ra5+ Kh6 72. Qb6 Kg7 73. Ra7+ Kh6 74. Nf5+ Kg5 75. g7 Kxf5 76. g8=Q Ke4 77. Qg4+ Kd3 78.
Qd6+ Ke3 79. Qf3# 1-0

[Event "Live Chess"]
[Site "Chess.com"]
[Date "2023.05.20"]
[Round "-"]
[White "Olisingapore"]
[Black "ossie57"]
[Result "1/2-1/2"]
[WhiteElo "1948"]
[BlackElo "1841"]
[TimeControl "300"]
[EndTime "9:46:40 PDT"]
[Termination "Game drawn by agreement"]

1. d4 d6 2. c4 Nf6 3. g3 Nbd7 4. Bg2 e5 5. e4 exd4 6. Nf3 d3 7. Qxd3 Be7 8. Nc3 O-O 9. O-O Ne5 10. Nxe5 dxe5 11. Qxd8 Bxd8 12. Bg5 c6 13. Rfd1 Be6 14. b3 h6 15. Be3 Ba5 16. Na4 Nd7 17. Rd3 f5 18. Bh3 g6 19. Rad1 Nb6 20. Bxh6 Nxa4 21. bxa4 Rfd8 22.
Rxd8+ Rxd8 23. Rxd8+ Bxd8 24. c5 Bxa2 25. exf5 g5 26.
f6 Bxf6 27. Bc8 b5 28. axb5 cxb5 29. Ba6 b4 30. c6 Be6 31. c7 b3 32. c8=Q+ Bxc8 33. Bxc8 a5 34. h4 gxh4 35. gxh4 Bxh4 36. Bf5 a4 37. Bc1 e4 38. Bxe4 Bf6 39. Kf1 b2 40. Bxb2 Bxb2 41. Bd5+ Kg7 42. Ke2 a3 43. Kd3 Kf6 44. Kc2 Ke5 45. Ba2 Kf4 46. Bd5 Be5 47. f3 Bb2 48. Kb3 Bc1 49. Be4 Bb2 1/2-1/2

[Event "Live Chess"]
[Site "Chess.com"]
[Date "2023.05.20"]
[Round "-"]
[White "hturner40"]
[Black "KuriyamaMiraiUA"]
[Result "1-0"]
[WhiteElo "1866"]
[BlackElo "622"]
[TimeControl "300"]
[EndTime "9:46:41 PDT"]
[Termination "hturner40 won by checkmate"]

1. Nf3 d5 2. g3 c5 3. Bg2 e6 4.
O-O Bd6 5. d4 Nf6 6. c4 dxc4 7.
Qa4+ Nc6 8. dxc5 Bxc5 9. Qxc4 b6 10. Nc3 O-O 11. Rd1 Nd5 12. e4 Na5 13. Qf1 Qf6 14. exd5 exd5 15. Nxd5 Qc6 16. Ng5 Qg6 17. b4 Bd6 18.
bxa5 bxa5 19. Bf4 Qh6 20. Bxd6 Qxd6 21. Nf4 Qg6 22. Nxg6 fxg6 23. Bxa8 Bd7 24. Qc4+ Rf7 25. Qxf7+ Kh8 26. Qf8# 1-0

[Event "Live Chess"]
[Site "Chess.com"]
[Date "2023.05.20"]
[Round "-"]
[White "1600x"]
[Black "OBrightwell100"]
[Result "1-0"]
[WhiteElo "1352"]
[BlackElo "1321"]
[TimeControl "300"]
[EndTime "9:46:48 PDT"]
[Termination "1600x won by resignation"]

1. Nc3 e5 2. d4 Nc6 3. d5 Nd4 4.
e3 Nf5 5. e4 Nd6 6. Qh5 Qe7 7.
Nf3 Nf6 8. Qxe5 Qxe5 9. Nxe5 Nfxe4 10. Nxe4 Nxe4 11. Nf3 b6 12. Be3 Bb7 13. Rd1 Nf6 14.
Bc4 Bd6 15. O-O c6 16. dxc6 Bxh2+ 17. Nxh2 dxc6 18. Bd4 Nh5 19. Rfe1+ Kf8 20. Bc3 b5 21. Bb4+ Kg8 22. Bxf7+ Kxf7 23. Re7+ Kg6 24. Rxb7 a5 25. Bc3 b4 26. Be5 Rhe8 27. Nf3 Kf5 28. Re1 a4 29. g3 Kg4 30. Rf7 Rf8 31. Re7 Rxf3 32. Re4+ Kf5 33.
Rxb4 Nf6 34. Rc4 Ne4 35. g4+ Kxg4 36. Rxg7+ Kf5 37. Bg3 Nxg3 38. Rf7+ Kg5 39. Rxf3 Ne2+ 40. Kf1 Nc1 41. Rc5+ Kg4 42. Rcc3 Nxa2 43. Ra3 Nb4 44. Rfc3 Rd8 45. Rc4+ Kf5 46. Rxb4 Rd1+ 47. Kg2 Rd2 48. Rc4 Ke5 49. Rd3 Rxd3 50. cxd3 Kd5 51. Rxa4 1-0

[Event "Live Chess"]
[Site "Chess.com"]
[Date "2023.05.20"]
[Round "-"]
[White "gmnorfolk"]
[Black "BostonStrangler"]
[Result "1-0"]
[WhiteElo "2187"]
[BlackElo "2003"]
[TimeControl "300"]
[EndTime "9:46:55 PDT"]
[Termination "gmnorfolk won on time"]

1. d4 Nf6 2. c4 c5 3. d5 b5 4. cxb5 a6 5. bxa6 Bxa6 6. Nc3 d6 7. e4 Bxf1 8. Kxf1 g6 9. g3 Bg7 10. Kg2 O-O 11. Nf3 Qb6 12. a4 Na6 13. Nd2 Rfb8 14.
Nb5 Nc7 15. Nc4 Qb7 16. Nxc7 Qxc7 17. Qc2 Qb7 18. Ra3 Qa6 19. Bd2 Nd7 20. Re1 Nb6 21.
Na5 Nxd5 22. exd5 Rxb2 23. Qc4 Rxd2 24. Qxa6 Rxa6 25. Nc6 Bd4 26. Nxe7+ Kg7 27. Rf3 f5 28. Nc6 Rxa4 29. Re7+ Kh6 30. h4 Raa2 31. Nd8 Rxf2+ 32. Rxf2 Rxf2+ 33. Kh3 Bf6 34. Nf7+ Kg7 35. Rd7 Kf8 36. Nxd6 Be5 37. Nc4 Bd4 38. d6 f4 39. Rd8+ Kf7 40.
d7 Ke7 41. Rh8 Kxd7 42. Rxh7+ Ke6 43. gxf4 Kf5 44. Rf7+ Ke4 45. Kg4 Rg2+ 46. Kh3 Rc2 47.
Re7+ Kf3 48. Ne5+ 1-0

[Event "Live Chess"]
[Site "Chess.com"]
[Date "2023.05.20"]
[Round "-"]
[White "AttackingSnowLeopard"]
[Black "smoggyrabbit"]
[Result "1-0"]
[WhiteElo "2039"]
[BlackElo "1630"]
[TimeControl "300"]
[EndTime "9:46:55 PDT"]
[Termination "AttackingSnowLeopard won on time"]

1. d4 e6 2. c4 f5 3. Nf3 Nf6 4. g3 d5 5. Bg2 c6 6. O-O Bd6 7. b3 Qe7 8. a4 O-O 9. Ba3 Bxa3 10. Nxa3 b6 11. Nb1 Bb7 12. Nbd2 Nbd7 13. a5 c5 14. e3 Ne4 15. cxd5 exd5 16. Qc2 Rfc8 17. axb6 axb6 18. Rxa8 Rxa8 19. h4 Rc8 20. dxc5 Qxc5 21.
Qxc5 Rxc5 22. Nxe4 dxe4 23. Nd4 g6 24. Ra1 Ne5 25. Bf1 Nd3 26. Rd1 Ba6 27. b4 Rc2 28. b5 Rxf2 29. bxa6 Ra2 30. Bxd3 exd3 31. Rxd3 Rxa6 32.
Ne6 b5 33. Nc7 Rc6 34. Nxb5 Rc1+ 35. Kg2 Rc2+ 36. Kf3 1-0

[Event "Live Chess"]
[Site "Chess.com"]
[Date "2023.05.20"]
[Round "-"]
[White "Ayush_prahlad_Gupta"]
[Black "KeithArkell"]
[Result "0-1"]
[WhiteElo "1800"]
[BlackElo "2609"]
[TimeControl "300"]
[EndTime "9:46:58 PDT"]
[Termination "KeithArkell won on time"]

1. e4 c6 2. c4 d5 3. cxd5 cxd5 4. exd5 Nf6 5. Nc3 Nxd5 6. Nxd5 Qxd5 7. Qf3 Qxf3 8. Nxf3 Nc6 9. Bc4 g6 10. O-O Bg7 11. d3 Bg4 12. Nd2 O-O 13. f3 Bf5 14. Ne4 Bd4+ 15. Kh1 Rfd8 16. Rb1 Ne5 17. a4 Nxc4 18.
dxc4 Bxe4 19. fxe4 a5 20. Bg5 f6 21. Bh6 Be5 22. b3 Rd4 23. Rbd1 Rad8 24. Rxd4 Rxd4 25. Re1 g5 26. h4 gxh4 27. Kg1 Bg3 28. Rb1 Rxe4 29.
Bd2 b6 30. Rf1 Re2 31. Bc3 Rc2 32. Bd4 Bc7 33. Re1 Kf7 34. Re4 h5 35. Kf1 Rc1+ 36. Ke2 Rb1 37. Rxh4 Rxb3 38. Rxh5 Kg6 39. Rh4 e5 40.
Be3 Ra3 41. Rg4+ Kf7 42. c5 bxc5 43. Bxc5 Ra2+ 44. Kf3 Ke6 45. Rc4 Kd5 46. Rc1 e4+ 47. Ke3 Rxg2 48. Be7 Bb6+ 49. Kf4 Rf2+ 50. Kg4 f5+ 51.
Kg5 Be3+ 52. Kf6 Bxc1 53. Kf7 e3 54. Bh4 Rf1 55. Kf6 e2 56. Kg6 Ke4 57. Kh5 e1=Q 58. Bxe1 Rxe1 59. Kg6 Rd1 60. Kf6 Rd6+ 61. Kg7 f4 62.
Kf7 f3 0-1

[Event "Live Chess"]
[Site "Chess.com"]
[Date "2023.05.20"]
[Round "-"]
[White "flyingpuffins"]
[Black "McSlash1"]
[Result "0-1"]
[WhiteElo "1978"]
[BlackElo "2077"]
[TimeControl "300"]
[EndTime "9:46:59 PDT"]
[Termination "McSlash1 won on time"]

1. d4 Nf6 2. Nc3 d5 3. e4 dxe4 4.
Bg5 e6 5. f3 exf3 6. Qxf3 Be7 7. O-O-O O-O 8. Bd3 Nc6 9. Nge2 Nb4 10. Bxf6 Bxf6 11.
Be4 c6 12. h4 Nd5 13. g4 Bxh4 14. Kb1 h6 15. Rh3 Bg5 16. Rdh1 Nf6 17. Bd3 b5 18. Ne4 Nxe4 19. Qxe4 f5 20. gxf5 exf5 21.
Qxc6 f4 22. Qxa8 Bxh3 23. Qxd8 Bxd8 24. Rxh3 f3 25. Ng3 Bc7 26. Nf1 g5 27. Rxh6 Bf4 28.
c3 Kg7 29. Rg6+ Kf7 30. Kc2 Re8 31. Kd1 f2 32. Rh6 Re1+ 33. Kc2 g4 34. Rg6 Rc1+ 35. Kb3 g3 36. Rg4 Bd6 37. Bxb5 a5 38. Bc4+ Kf6 39. a4 Kf5 40. Rg8 Kf4 41. Bd3 Kf3 42. Nd2+ Ke3 0-1

[Event "Live Chess"]
[Site "Chess.com"]
[Date "2023.05.20"]
[Round "-"]
[White "SavagePawn7"]
[Black "daniel9395"]
[Result "0-1"]
[WhiteElo "776"]
[BlackElo "578"]
[TimeControl "300"]
[EndTime "9:47:05 PDT"]
[Termination "daniel9395 won on time"]

1. e4 d5 2. d4 dxe4 3. Nc3 Nf6 4. f3 Nc6 5. Be3 exf3 6. Qxf3 Bg4 7. Qg3 e6 8. Be2 h5 9. Bxg4 hxg4 10. h3 g5 11.
O-O-O Bd6 12. Qf2 g3 13. Qf1 Nd5 14. Nxd5 exd5 15. Nf3 f6 16. h4 g4 17. Nd2 Qe7 18.
Re1 O-O-O 19. Bg5 fxg5 20. Rxe7 Bxe7 21. hxg5 Bxg5 22. Rxh8 Rxh8 23. Qf5+ Kd8 24. Qxg5+ Kd7 25. Qxg4+ Ke7 26. Qxg3 Rh1+ 27. Nf1 Rxf1+ 28. Kd2 Nxd4 29. Qe3+ Kd6 30. Qxd4 c5 31. Qg7 b5 32. Qxa7 c4 33.
Qb8+ Kc5 34. Qa7+ Kc6 35. b3 b4 36. c3 d4 37. cxb4 c3+ 38. Kd3 Rd1+ 39. Kc4 c2 40. Qc5+ Kd7 41. Qd5+ Kc7 42. Qc5+ Kd8 43. Qd6+ Ke8 44. Kc5 c1=Q+ 45. Kd5 Qg5+ 46. Kc6 Rc1+ 47. Kb7 Qxg2+ 0-1

[Event "Live Chess"]
[Site "Chess.com"]
[Date "2023.05.20"]
[Round "-"]
[White "PackedNote"]
[Black "ChessTWSS"]
[Result "0-1"]
[WhiteElo "781"]
[BlackElo "1711"]
[TimeControl "300"]
[EndTime "9:47:07 PDT"]
[Termination "ChessTWSS won by checkmate"]

1. d4 d5 2. Bf4 c5 3. c3 Nc6 4. Nf3 e6 5. e3 Bd6 6. Bxd6 Qxd6 7. Bb5 Ne7 8. O-O O-O 9. Nbd2 a6 10. Bd3 h6 11. a3 c4 12. Bc2 b5 13. b3 e5 14. bxc4 bxc4 15. Re1 e4 16. Nh4 g5 17. f4 gxh4 18. g3 hxg3 19. hxg3 Qg6 20. Kg2 a5 21. Ba4 Bg4 22. Qc1 Bf3+ 23. Nxf3 exf3+ 24. Kxf3 Qh5+ 25. Kf2 Qh2+ 26. Kf3 Nf5 27. Re2 Qxg3# 0-1

[Event "Live Chess"]
[Site "Chess.com"]
[Date "2023.05.20"]
[Round "-"]
[White "onemoretime1975"]
[Black "Doge_Dandolo"]
[Result "0-1"]
[WhiteElo "1934"]
[BlackElo "2131"]
[TimeControl "300"]
[EndTime "9:47:16 PDT"]
[Termination "Doge_Dandolo won on time"]

1. e4 c6 2. d4 d5 3. exd5 cxd5 4. Nf3 Nc6 5. c3 Qc7 6. Bd3 Bg4 7. h3 Bxf3 8. Qxf3 e6 9. Bf4 Bd6 10. Bxd6 Qxd6 11.
Nd2 Nf6 12. O-O O-O 13. Rfe1 Rab8 14. a4 Qc7 15. Qe2 a6 16. Nf3 Rfc8 17. Ne5 Nxe5 18. dxe5 Nd7 19. Qh5 Nf8 20. Re3 b5 21. axb5 axb5 22.
Rg3 b4 23. Qg5 g6 24. Bf1 bxc3 25. Rxc3 Qb7 26. Rxc8 Rxc8 27. Rc1 Rb8 28. Rc2 Qb3 29. Qd2 Nd7 30. Qc3 Qxc3 31. bxc3 Nxe5 32. f4 Nd7 33. Kf2 Rc8 34. Ke3 Kg7 35. Kd4 Nb6 36. g4 Kf6 37. Bd3 Nc4 38. g5+ Ke7 39. h4 Nd6 40. Ke5 Nc4+ 41.
Kd4 Kd6 42. Ra2 Rc7 43. Ra6+ Kd7 44. Bc2 Nd6 45. Ba4+ Ke7 46. Kd3 Nf5 47. Ra8 Nxh4 0-1

[Event "Live Chess"]
[Site "Chess.com"]
[Date "2023.05.20"]
[Round "-"]
[White "Zeraora719"]
[Black "LanceMaster23"]
[Result "0-1"]
[WhiteElo "1226"]
[BlackElo "1859"]
[TimeControl "300"]
[EndTime "9:47:19 PDT"]
[Termination "LanceMaster23 won by checkmate"]

1. e4 c5 2. d4 cxd4 3. Qxd4 Nc6 4. Qd1 Qc7 5. g3 f6 6. Bf4 e5 7. Be3 d6 8. Bc4 Na5 9. Bd5 Ne7 10. Nc3 Bd7 11. Qh5+ g6 12. Qh4 Bg7 13. f4 Nc4 14. fxe5 Nxe3 15. exf6 Bxf6 16. Qxf6 Rf8 17.
Qg7 Rf1+ 18. Ke2 Bg4+ 19. Kxe3 Qc5+ 20. Kd2 Rxa1 21. Qh8+ Kd7 22. Qxa8 Qd4# 0-1

[Event "Live Chess"]
[Site "Chess.com"]
[Date "2023.05.20"]
[Round "-"]
[White "Hacker_2009"]
[Black "JanMur7"]
[Result "0-1"]
[WhiteElo "1906"]
[BlackElo "1987"]
[TimeControl "300"]
[EndTime "9:47:33 PDT"]
[Termination "JanMur7 won by resignation"]

1. d4 Nf6 2. Nf3 e6 3. c4 d5 4. e3 Be7 5. Nc3 O-O 6. b3 b6 7. Bb2 Bb7 8. Rc1 Nbd7 9. cxd5 Nxd5 10. Nxd5 Bxd5 11. Be2 c5 12. O-O Bf6 13. Qd2 cxd4 14. Nxd4 Nc5 15. Rfd1 Rc8 16. Nb5 Bxb2 17. Qxb2 Qg5 18.
g3 a6 19. Nc3 Bb7 20. Bf1 Qf6 21. Qe2 b5 22. Bg2 Bxg2 23. Kxg2 Nxb3 24. axb3 Rxc3 25.
Rxc3 Qxc3 26. Qa2 b4 27. Qxa6 Qxb3 28. Qd3 Qxd3 29. Rxd3 Rb8 30. Rb3 Kf8 31. Kf3 Ke7 32. Ke4 Kd6 33. Kd4 g5 34. f4 g4 35. e4 e5+ 36. fxe5+ Ke6 37. Kd3 Kxe5 38. Ke3 h5 39. Kd3 Rd8+ 40. Ke3 Rd4 41. Rb1 Rxe4+ 42. Kf2 Rc4 43.
Rb2 Kd4 0-1

[Event "Live Chess"]
[Site "Chess.com"]
[Date "2023.05.20"]
[Round "-"]
[White "grillage"]
[Black "JackRudd"]
[Result "1-0"]
[WhiteElo "1856"]
[BlackElo "2383"]
[TimeControl "300"]
[EndTime "9:47:49 PDT"]
[Termination "grillage won by resignation"]

1. d4 Nf6 2. Nc3 d5 3. Bf4 c5 4. e4 dxe4 5. dxc5 Qa5 6. Bb5+ Bd7 7. Bxd7+ Nbxd7 8. Ne2 e5 9. Bd2 Qxc5 10. O-O Qc6 11.
Ng3 Nc5 12. Be3 Rd8 13. Qe2 a6 14. h3 Ne6 15. Rad1 Rxd1 16. Rxd1 Bb4 17. Bd2 Nd4 18.
Qe3 Nxc2 19. Qg5 h6 20. Qxe5+ Qe6 21. Qb8+ 1-0

[Event "Live Chess"]
[Site "Chess.com"]
[Date "2023.05.20"]
[Round "-"]
[White "ReeceHockton"]
[Black "Hussamalhaidar"]
[Result "0-1"]
[WhiteElo "321"]
[BlackElo "970"]
[TimeControl "300"]
[EndTime "9:47:59 PDT"]
[Termination "Hussamalhaidar won by resignation"]

1. d4 e5 2. dxe5 d6 3. exd6 Bxd6 4. Nf3 Nc6 5. e4 Bg4 6. Be2 Nf6 7. h3 Bh5 8. g4 Bg6 9. Bd3 Qe7 10. Nbd2 O-O-O 11. b3 Kb8 12. Bb2 Nxe4 13. Bxe4 Bxe4 14. O-O Bg6 15. Re1 Qf8 16. Ne5 Nxe5 17. Bxe5 Bb4 18. Re2 Qc5 19. a3 Bc3 20. Ra2 Bxe5 21. Ne4 Rxd1+ 22.
Kg2 Bxe4+ 23. Rxe4 Qd5 24. f3 Rd2+ 25. Kh1 Rxc2 26.
Rxc2 Qd1+ 27. Kg2 Qxc2+ 28. Re2 0-1

[Event "Live Chess"]
[Site "Chess.com"]
[Date "2023.05.20"]
[Round "-"]
[White "LL220284LL"]
[Black "CocheseUK"]
[Result "1-0"]
[WhiteElo "2405"]
[BlackElo "1117"]
[TimeControl "300"]
[EndTime "9:48:00 PDT"]
[Termination "LL220284LL won by resignation"]

1. g3 d5 2. Bg2 e5 3. c4 c6 4.
e3 Nf6 5. d4 e4 6. Nc3 Be6 7.
Nge2 Be7 8. Nf4 O-O 9. Nxe6 fxe6 10.
O-O Nbd7 11. Bh3 e5 12. cxd5 cxd5 13. Nxd5 Nxd5 14. Be6+ Kh8 15. Bxd5 Nf6 16. Bb3 exd4 17. Qxd4 Qxd4 18. exd4 Rad8 19. Be3 Ng4 20. Rac1 Nxe3 21.
fxe3 Rxf1+ 22. Kxf1 Rd7 23. Rc8+ Bd8 24. Be6 Rd6 25.
Bf5 g6 26. Bxe4 Kg7 27. Ke2 Bb6 28. Kd3 h6 29. Bxb7 1-0

[Event "Live Chess"]
[Site "Chess.com"]
[Date "2023.05.20"]
[Round "-"]
[White "jennybobby44"]
[Black "Balu13"]
[Result "1-0"]
[WhiteElo "1855"]
[BlackElo "838"]
[TimeControl "300"]
[EndTime "9:48:03 PDT"]
[Termination "jennybobby44 won by checkmate"]

1. e4 d5 2. exd5 Qxd5 3. Nc3 Qa5 4. d4 Nf6 5. h3 Bf5 6. Nf3 Nc6 7. Bb5 O-O-O 8. Bxc6 bxc6 9. O-O e6 10. Qe2 Bd6 11.
Bd2 Bxh3 12. gxh3 Qh5 13. Ng5 Qg6 14. Kh1 h6 15. Nge4 Qf5 16. Kg2 Nh5 17. Nxd6+ Rxd6 18. Be3 Rxd4 19. Rad1 Rhd8 20. Rxd4 Rxd4 21. Rd1 Nf4+ 22.
Bxf4 Rxf4 23. Qa6+ Kb8 24. Rd8# 1-0

[Event "Live Chess"]
[Site "Chess.com"]
[Date "2023.05.20"]
[Round "-"]
[White "JackCheetham1"]
[Black "AwesomeFredster"]
[Result "1-0"]
[WhiteElo "1704"]
[BlackElo "1490"]
[TimeControl "300"]
[EndTime "9:48:07 PDT"]
[Termination "JackCheetham1 won by resignation"]

1. e4 e5 2. Nf3 Nc6 3. Bb5 a6 4.
Ba4 Nf6 5. d3 d6 6. c3 Be7 7. h3 O-O 8. O-O b5 9. Bc2 Bb7 10. Re1 Qd7 11. Nbd2 Rfe8 12. Nf1 Bf8 13. Ng3 Ne7 14. Bg5 Qe6 15. d4 Red8 16. Bb3 d5 17.
exd5 Bxd5 18. Nxe5 Bxb3 19. axb3 Ng6 1-0

[Event "Live Chess"]
[Site "Chess.com"]
[Date "2023.05.20"]
[Round "-"]
[White "OSmith06"]
[Black "jusjoel"]
[Result "1-0"]
[WhiteElo "1736"]
[BlackElo "297"]
[TimeControl "300"]
[EndTime "9:48:13 PDT"]
[Termination "OSmith06 won by resignation"]

1. e4 e5 2. Nf3 Nf6 3. Nxe5 Nxe4 4. Qe2 d5 5. d3 Nf6 6. Nc6+ Qe7 7. Nxe7 Bxe7 8. Bg5 Be6 9. Bxf6 Bxf6 10. Nc3 Nc6 11. f4 O-O-O 12. O-O-O d4 13. Ne4 Be7 14. g4 f5 15.
gxf5 Bxf5 16. Ng5 Bxg5 17. fxg5 Rde8 18. Qf3 Rhf8 19. Bg2 Re3 20. Qd5 g6 21. Rde1 Rfe8 22. Rxe3 Rxe3 23. Qg8+ Kd7 24. Qxh7+ Ke6 25. Bxc6 bxc6 26.
Qxc7 Bg4 27. Qf4 c5 28. Qxg4+ Ke5 29. Rf1 1-0

[Event "Live Chess"]
[Site "Chess.com"]
[Date "2023.05.20"]
[Round "-"]
[White "viktorskliarov"]
[Black "WelshTiger"]
[Result "1-0"]
[WhiteElo "2648"]
[BlackElo "2426"]
[TimeControl "300"]
[EndTime "9:48:19 PDT"]
[Termination "viktorskliarov won by resignation"]

1. e4 c5 2. Nf3 d6 3. d4 cxd4 4. Qxd4 a6 5. Be3 Nf6 6. Nc3 b5 7. e5 Nc6 8. Qf4 dxe5 9. Nxe5 Qc7 10. Nxc6 Qxc6 11. Be2 e5 12. Qxe5+ Qe6 13. Qxe6+ Bxe6 14. Bf3 O-O-O 15. a3 Bd6 16. h3 Be5 17. O-O Bxc3 18. bxc3 Bc4 19. Rfe1 Nd5 20. Bd4 f6 21. Re6 Nc7 22.
Re7 Rd7 23. Bg4 Be6 24. Bxe6 1-0

[Event "Live Chess"]
[Site "Chess.com"]
[Date "2023.05.20"]
[Round "-"]
[White "lightningorderyt"]
[Black "Inaffectual"]
[Result "1-0"]
[WhiteElo "535"]
[BlackElo "544"]
[TimeControl "300"]
[EndTime "9:48:33 PDT"]
[Termination "lightningorderyt won on time"]

1. d4 d5 2. c4 e6 3. Nc3 Nf6 4. Bg5 h6 5. Bh4 g5 6. Bg3 dxc4 7. e4 Bb4 8. f3 g4 9. Be5 Nc6 10. Qa4 O-O 11. d5 exd5 12. O-O-O Nxe5 13. Qxb4 Nd3+ 14. Bxd3 cxd3 15. Rxd3 Be6 16. Nge2 a5 17. Qxb7 Bc8 18. Qb3 Ba6 19. Rd2 gxf3 20. gxf3 c6 21. exd5 cxd5 22. Nxd5 Nxd5 23. Rxd5 Rc8+ 24. Kd1 Bxe2+ 25. Kxe2 Re8+ 26.
Kf2 Rc2+ 27. Qxc2 Qxd5 28. Rd1 Qxa2 29. Rb1 Qd5 30. Qc3 Qe6 31. Re1 Qxe1+ 32. Qxe1 Rxe1 33. Kxe1 Kg7 34. Kd2 Kf6 35. Kc3 Ke5 36. b3 Kd5 37. b4 axb4+ 38. Kxb4 f5 39. Kc3 1-0

[Event "Live Chess"]
[Site "Chess.com"]
[Date "2023.05.20"]
[Round "-"]
[White "ranvir123"]
[Black "akp42"]
[Result "0-1"]
[WhiteElo "855"]
[BlackElo "1956"]
[TimeControl "300"]
[EndTime "9:48:33 PDT"]
[Termination "akp42 won by checkmate"]

1. e4 e6 2. d4 d5 3. e5 c5 4. Nf3 cxd4 5. Nxd4 Nc6 6. Nxc6 bxc6 7.
Qd3 a5 8. Nc3 Ba6 9. Qf3 Bxf1 10. Rxf1 Bb4 11. Bd2 Ne7 12. a3 Bxc3 13. Bxc3 O-O 14.
O-O-O Qb6 15. Kb1 Rfb8 16. Qf4 c5 17. Qh4 Nf5 18. Qh3 d4 19. Kc1 dxc3 20. bxc3 Qb2+ 21. Kd2 Rd8+ 22. Ke2 Qxc2+ 23. Kf3 Qxc3+ 24. Kg4 Qc4+ 25. Kg5 h6+ 26. Kh5 g6# 0-1

[Event "Live Chess"]
[Site "Chess.com"]
[Date "2023.05.20"]
[Round "-"]
[White "NAZRIZ1977"]
[Black "ZackirtyChess"]
[Result "1-0"]
[WhiteElo "2115"]
[BlackElo "1150"]
[TimeControl "300"]
[EndTime "9:48:35 PDT"]
[Termination "NAZRIZ1977 won by resignation"]

1. c4 f5 2. g3 Nf6 3. Bg2 g6 4. Nf3 Bg7 5. O-O O-O 6. Nc3 Nc6 7. d3 d6 8. Rb1 e5 9. Bg5 h6 10. Bxf6 Qxf6 11. b4 a6 12. a4 Na7 13. b5 Bd7 14. Nd5 Qd8 15. Nxc7 Qxc7 16. b6 Qc8 17. bxa7 Bxa4 18.
Qxa4 Rxa7 19. Qb4 a5 20. Qxd6 Rd8 21. Qxg6 1-0

[Event "Live Chess"]
[Site "Chess.com"]
[Date "2023.05.20"]
[Round "-"]
[White "lucaskk818"]
[Black "bristolunichess"]
[Result "0-1"]
[WhiteElo "1878"]
[BlackElo "1870"]
[TimeControl "300"]
[EndTime "9:48:36 PDT"]
[Termination "bristolunichess won by resignation"]

1. d4 Nf6 2. c4 g6 3. Nc3 Bg7 4. e4 O-O 5. h3 d6 6. Be3 Nbd7 7. g4 c5 8. d5 e6 9. g5 Ne8 10. h4 exd5 11. cxd5 f5 12. h5 f4 13. Bxf4 Rxf4 14.
hxg6 Bxc3+ 15. bxc3 Rxe4+ 16. Ne2 hxg6 17. Qd3 Qe7 18. Bg2 Rxe2+ 19. Qxe2 Qxe2+ 20. Kxe2 Ne5 21. Be4 Bf5 22. Bxf5 gxf5 23. f4 Ng4 24. Rab1 b6 25. Kd2 Ng7 26. Rbe1 Re8 27. Rxe8+ Nxe8 28. Re1 Kf7 29.
Re6 Nf2 30. Rh6 Ne4+ 31. Kd3 Ng7 32. Kc4 a6 33. Kb3 b5 34. a4 Nd2+ 35. Kc2 Nc4 36. axb5 axb5 37. Rf6+ Ke7 38. Rg6 Kf7 39. Rf6+ Kg8 40.
g6 Ne3+ 41. Kb2 Nxd5 42. Rxd6 Nxf4 43. Rd8+ Ne8 44. Rxe8+ Kg7 45. Rc8 Kxg6 46. Rxc5 Nd3+ 47. Kb3 Nxc5+ 48. Kb4 Ne4 49. Kxb5 Nxc3+ 50. Kc4 Ne4 51.
Kd3 Kg5 52. Ke3 Kg4 53. Ke2 Kg3 54. Kf1 Kf3 55. Ke1 Ng3 56. Kd2 f4 57. Kd3 Kg2 58.
Kd4 f3 59. Ke5 f2 60. Ke6 f1=Q 61. Kd7 Qf6 0-1